 Dungeon Crawl Stone Soup version 0.30-a0-465-g8901f6c8b5 (webtiles) character file.

Game seed: 12008351501882932744

108 kurumiz the Poker (level 4, -6/61 HPs)
             Began as a Minotaur Berserker on Dec 19, 2022.
             Was a Believer of Trog.
             Killed by divine providence
             ... invoked by an orc priest
              (8 damage)
             ... on level 4 of the Dungeon.
             The game lasted 00:03:27 (2387 turns).

kurumiz the Poker (Minotaur Berserker)              Turns: 2387, Time: 00:03:27

Health: -6/61      AC: 11    Str: 23    XL:     4   Next: 58%
Magic:  3/3        EV:  7    Int:  4    God:    Trog [**....]
Gold:   205        SH:  0    Dex: 10    Spells: 3/3 levels left

rFire   . . .      SeeInvis .    a - +0 spear
rCold   . . .      Faith    .    (no shield)
rNeg    . . .      Spirit   .    d - +0 plate armour
rPois   .          Reflect  .    (helmet restricted)
rElec   .          Harm     .    (no cloak)
rCorr   .          Rampage  .    (no gloves)
Will    .....                    (no boots)
Stlth   ..........               (no amulet)
HPRegen 0.30/turn                (no ring)
MPRegen 0.08/turn                (no ring)

@: berserking (expiring), very quick
A: horns 2, retaliatory headbutt
a: Renounce Religion, Berserk, Trog's Hand


You were on level 4 of the Dungeon.
You worshipped Trog.
Trog was pleased with you.
You visited 1 branch of the dungeon, and saw 4 of its levels.

You collected 205 gold pieces.

Inventory:

Hand Weapons
 a - a +0 spear (weapon)
 n - the +1 whip of Psychosis {pain, rPois Int+3}
   (You took it off a kobold on level 3 of the Dungeon)

   In the hands of one skilled in necromantic magic, it inflicts extra damage on
   living creatures.
   Int:       It affects your intelligence (+3).
   rPois:     It protects you from poison.
   Trog disapproves of the use of such an item.
Armour
 b - a +0 animal skin
 d - a +0 plate armour (worn)
Scrolls
 e - a scroll of teleportation {unknown}
 g - 4 scrolls of identify {unknown}
 i - 3 scrolls of amnesia {unknown}
 j - a scroll of immolation {unknown}
 k - a scroll of poison {unknown}
 l - 2 scrolls of vulnerability {unknown}
 p - a scroll of magic mapping {unknown}
Potions
 c - a potion of mutation {unknown}
 f - a potion of heal wounds {unknown}
 h - a potion of curing {unknown}
 m - a potion of resistance {unknown}
 o - a potion of degeneration {unknown}


   Skills:
 + Level 4.6 Fighting
 + Level 4.9 Polearms
 + Level 3.3 Armour
 + Level 2.7 Dodging
 + Level 0.3 Stealth


You had 3 spell levels left.
You didn't know any spells.
Your spell library contained the following spells:

 Spells                   Type           Power      Damage    Failure   Level
 Summon Small Mammal      Summ           0%         N/A       100%        1
 Sublimation of Blood     Necr           0%         N/A       100%        2
 Call Canine Familiar     Summ           0%         N/A       100%        3
 Summon Guardian Golem    Hex/Summ       0%         N/A       100%        3
 Petrify                  Tmut/Erth      0%         N/A       100%        4
 Irradiate                Conj/Tmut      0%         3d11      100%        5


Dungeon Overview and Level Annotations

Branches:
Dungeon (4/15)
 Temple: D:4-7

Altars:
Elyvilon

Shops:
D:1 (


Innate Abilities, Weirdness & Mutations

You have a pair of horns on your head.
You reflexively headbutt those who attack you in melee.


Message History

The orc wizard hits you but does no damage.
You are too injured to fight recklessly!
You are too injured to fight recklessly!
A red film seems to cover your vision as you go berserk!
You feel yourself moving faster!
You feel mighty!
The orc wizard hits you but does no damage.
You puncture the orc wizard!
You kill the orc wizard!
Trog accepts your kill.
Trog appreciates your killing of a magic user.
The orc priest invokes the aid of Beogh against you.
Beogh smites you!
* * * LOW HITPOINT WARNING * * *
The orc closely misses you. You furiously retaliate!
You headbutt the orc!
You kill the orc!
Trog accepts your kill.
Things that are here:
a +0 dagger; a +0 robe You feel a strong urge to attack something.
The orc hits you from afar with a +0 trident.
* * * LOW HITPOINT WARNING * * *
The orc priest hits you but does no damage.
Things that are here:
a +0 dagger; an orc corpse You puncture the orc priest!
The orc priest is almost dead.
You closely miss the orc priest.
The orc priest is almost dead.
The orc priest mumbles some strange prayers to Beogh against you.
Pain shoots through your body!
* * * LOW HITPOINT WARNING * * *
The orc hits you from afar with a +0 trident.
* * * LOW HITPOINT WARNING * * *
You are too berserk!
Things that are here:
a +0 dagger; a +0 robe You feel a strong urge to attack something.
The orc priest calls down the wrath of Beogh upon you.
Beogh smites you!
You die...

#.# #.# #.#
#.#############
#.............#
#.###########.#
#.# #.# #.# #.#
#@# ##.## # #)#
##.#.##. #)#
#.###... #o#
######.#....
#o#
.......<....
.o.
...###......
#.# #...... #.#
###.##. #.# #.#
.


You could see 2 orc priests and an orc.

Vanquished Creatures
  An orc wizard (D:4)
  3 adders
  2 dart slugs (D:2)
  2 orcs
  9 ball pythons
  5 endoplasms
  A giant cockroach (D:1)
  5 goblins
  2 hobgoblins
  3 jackals (D:3)
  3 quokkas
  5 bats
  5 frilled lizards (D:1)
  2 kobolds (D:3)
  2 rats
50 creatures vanquished.

Notes
Turn   | Place    | Note
-------+----------+-------------------------------------------
     0 | D:1      | kurumiz the Minotaur Berserker began the quest for the Orb.
     0 | D:1      | Reached XP level 1. HP: 19/19 MP: 0/0
   149 | D:1      | Reached XP level 2. HP: 26/27 MP: 1/1
   274 | D:1      | Found Vauzatud's Weapon Shoppe.
   724 | D:2      | Reached XP level 3. HP: 31/33 MP: 2/2
   743 | D:2      | Found a white marble altar of Elyvilon.
  1476 | D:3      | Identified the +1 whip of Psychosis {pain, rPois Int+3}
  1515 | D:3      | Reached XP level 4. HP: 41/41 MP: 3/3
  1539 | D:3      | Reached ** piety under Trog
  1584 | D:3      | Found a faded altar of an unknown god.
  2385 | D:4      | HP: 1/61 [orc/+0 trident (4)]
  2387 | D:4      | Killed from afar by an orc priest

Illustrated notes

Levels and vault maps discovered:
D:1:      dpeg_arrival_boxorama, layout_rooms, serial_shops, shop,
          due_unseen_surprise
D:2:      layout_rooms, basic_altar, nicolae_eternal_life
D:3:      layout_basic, dreamdust_ecumenical_altar_hidden_monk_grotto,
          roderic_roman_lattice
D:4:      layout_loops_ring, kennysheep_minor_cross, uniq_duvessa

Skill      XL: |  1  2  3 |
---------------+----------+-----
Polearms       | 4 |  4.9
Fighting       | 4 |  4.6
Armour         | 3 |  3.3
Dodging        | |  2.7
Stealth        | |  0.3

Action                   |  1- 3 |  4- 6 || total
-------------------------+-------+-------++-------
Melee: Spear             |   103 |    45 ||   148
       Headbutt          |     9 |     4 ||    13
Invok: Berserk           |       |     1 ||     1
 Stab: Sleeping          |     1 |       ||     1
Armor: Animal skin       |     6 |       ||     6
       Plate armour      |    34 |    18 ||    52
Dodge: Dodged            |    23 |     6 ||    29

Table legend: (Time is in decaauts)
 A = Elapsed time spent in this place.
 B = Non-inter-level travel time spent in this place.
 C = Inter-level travel time spent in this place.
 D = Time resting spent in this place.
 E = Time spent auto-exploring this place.
 F = Levels seen in this place.
 G = Mean time per level.
                   A        B        C        D        E       F      G
               +--------+--------+--------+--------+--------+-----+--------+
         Total |   2367 |   2078 |    289 |      0 |   1793 |   4 |  591.8 |
       Dungeon |   2367 |   2078 |    289 |      0 |   1793 |   4 |  591.8 |
               +--------+--------+--------+--------+--------+-----+--------+

Top non-repeatable levels by time:
     D:3: 1062 daAuts
     D:1: 679 daAuts
     D:2: 576 daAuts
     D:4: 49 daAuts
